 Dungeon Crawl Stone Soup version 0.29.1-15-g9cfb28693d (webtiles) character file.

Game seed: 11938749763476047094

60 javelincjr the Trooper (level 3, 0/29 HPs)
             Began as a Demonspawn Abyssal Knight on Mar 24, 2023.
             Was a Believer of Lugonu.
             Slain by Terence
             ... wielding a +0 hand axe
              (3 damage)
             ... on level 3 of the Dungeon.
             The game lasted 00:04:08 (2226 turns).

javelincjr the Trooper (Demonspawn Abyssal Knight)  Turns: 2226, Time: 00:04:08

Health: 0/29       AC:  7    Str: 13    XL:     3   Next: 82%
Magic:  0/5        EV: 11    Int: 13    God:    Lugonu [**....]
Gold:   96         SH:  0    Dex: 13    Spells: 2/2 levels left

rFire   + . .      SeeInvis .   a - +1 hand axe
rCold   . . .      Faith    .   (no shield)
rNeg    . . .      Spirit   +   b - +0 leather armour
rPois   .          Reflect  .   s - +0 helmet
rElec   .          Harm     .   (no cloak)
rCorr   .          Rampage  .   i - +1 pair of gloves
Will    .....                   l - +0 pair of boots
Stlth   +.........              c - amulet of guardian spirit
HPRegen 0.09/turn               n - ring of protection from fire
MPRegen 0.09/turn               (no ring)

@: no status effects
A: weakness stinger 1
a: Renounce Religion, Depart the Abyss, Bend Space


You were on level 3 of the Dungeon.
You worshipped Lugonu.
Lugonu was pleased with you.
You visited 1 branch of the dungeon, and saw 3 of its levels.
You visited the Abyss 1 time.

You collected 96 gold pieces.

Inventory:

Hand Weapons
 a - a +1 hand axe (weapon)
Armour
 b - a +0 leather armour (worn)
 i - a +1 pair of gloves (worn)
 l - a +0 pair of boots (worn)
 s - a +0 helmet (worn)
Magical Staves
 p - a staff of earth
Jewellery
 c - an amulet of guardian spirit (around neck)
 n - a ring of protection from fire (left hand)
 u - a ring of positive energy
Scrolls
 e - a scroll of butterflies {unknown}
 f - 4 scrolls of identify {unknown}
 g - a scroll of immolation {unknown}
 j - 2 scrolls of blinking {unknown}
 k - a scroll of enchant armour {unknown}
 r - a scroll of brand weapon {unknown}
 t - a scroll of magic mapping {unknown}
Potions
 d - 3 potions of attraction {unknown}
 h - 2 potions of berserk rage {unknown}
 m - a potion of mutation {unknown}
 o - a potion of degeneration {unknown}
 q - a potion of brilliance {unknown}


   Skills:
 + Level 3.4 Fighting
 + Level 2.2 Axes
 + Level 2.3 Armour
 + Level 1.5 Dodging
 + Level 3.2 Invocations


You had 2 spell levels left.
You didn't know any spells.
Your spell library contained the following spells:

 Spells                   Type           Power      Damage    Failure   Level
 Frozen Ramparts          Ice            0%         1d1       75%         3
 Ice Form                 Ice/Tmut       0%         N/A       98%         4
 Summon Ice Beast         Ice/Summ       0%         N/A       98%         4


Dungeon Overview and Level Annotations

Branches:
Dungeon (3/15)

Altars:
Qazlal

Annotations:
D:3 Terence


Innate Abilities, Weirdness & Mutations

You have a small tail.


Message History

Terence is lightly wounded.
Terence hits you but does no damage.
You barely miss Terence.
Your tail-slap misses Terence.
Terence is lightly wounded.
Terence barely misses you. Terence hits you with a +0 hand axe.
You barely miss Terence.
Terence is lightly wounded.
Terence asks, "Do you want it fast or slow?"
Terence misses you.
You hit Terence.
Terence is lightly wounded.
Terence screams, "I'm going to kill you!"
Terence closely misses you.
You slash Terence!
Terence is heavily wounded.
Terence hits you with a +0 hand axe.
You barely miss Terence.
Terence is heavily wounded.
Terence hits you with a +0 hand axe!
You closely miss Terence.
Terence is heavily wounded.
Terence hits you with a +0 hand axe. Terence misses you.
You hit Terence but do no damage. You tail-slap Terence.
Terence is heavily wounded.
Terence hits you but does no damage.
You hit Terence but do no damage.
Terence is heavily wounded.
Terence hits you with a +0 hand axe.
* * * LOW HITPOINT WARNING * * *
You hit Terence.
Terence is severely wounded.
Terence hits you with a +0 hand axe.
You closely miss Terence.
Terence is severely wounded.
Terence hits you with a +0 hand axe.
* * * LOW HITPOINT WARNING * * *
You hit Terence but do no damage.
Terence is severely wounded.
Terence hits you with a +0 hand axe.
You die...

#.#># .# #.#.# #.#
#.#.### #.# #...... #.#
#.#.### #.# #.#.# # #.#
#.#.### #####.#######
#.#....
#..@@.......###.###.)
#.###.#####..........
#.!.# #..##.###.# # #.###
#..##.# #..
#..##.#.#######..##.####.
#.....................<..
#.####..............#####
##.########.#### # #.#
#.# #


You could see Terence.

Vanquished Creatures
  An ufetubus (D:3)
  A dart slug (D:2)
  2 orcs (D:3)
  7 ball pythons
  4 bats
  4 endoplasms
  3 giant cockroaches
  4 goblins
  4 hobgoblins
  2 quokkas (D:3)
  3 frilled lizards
  7 kobolds
  3 rats (D:2)
45 creatures vanquished.

Vanquished Creatures (others)
  A lurking horror (Abyss:2)
1 creature vanquished.

Grand Total: 46 creatures vanquished

Notes
Turn   | Place    | Note
-------+----------+-------------------------------------------
     0 | Abyss:1  | javelincjr the Demonspawn Abyssal Knight began the quest
                  | for the Orb.
     0 | Abyss:1  | Reached XP level 1. HP: 18/18 MP: 2/2
    78 | Abyss:1  | Found a corrupted altar of Lugonu.
    78 | Abyss:1  | Noticed a small abomination
    91 | Abyss:2  | Found a corrupted altar of Lugonu.
   115 | Abyss:2  | Noticed a large abomination
   144 | Abyss:2  | Noticed a small abomination
   145 | D:1      | Escaped the Abyss
   327 | D:1      | Reached skill level 1 in Dodging
   568 | D:1      | Gained mutation: You have a small tail. [demonic ancestry]
   568 | D:1      | Reached XP level 2. HP: 24/24 MP: 4/4
  1364 | D:2      | Reached XP level 3. HP: 22/29 MP: 3/5
  2079 | D:3      | Found a stormy altar of Qazlal.
  2209 | D:3      | Noticed Terence
  2226 | D:3      | Slain by Terence

Illustrated notes

Levels and vault maps discovered:
D:1:      minmay_arrival_up_and_down, layout_loops_ring
D:2:      layout_rooms
D:3:      layout_loops_ring, mainiacjoe_overflow_catwalk,
          nicolae_kikubaaqudgha_miasma_corner, chequers_arboretum, uniq_terence

Skill      XL: |  1  2  3 |
---------------+----------+-----
Dodging        | 1 |  1.5
Axes           | 2 |  2.2
Armour         | 2 |  2.3
Invocations    | 3 |  3.2
Fighting       | |  3.4

Action                   || total
-------------------------++-------
Melee: Hand axe          ||   106
       Tailslap          ||    16
       Punch             ||     1
Invok: Depart the Abyss  ||     1
Armor: Leather armour    ||    32
Dodge: Dodged            ||    64
